 Dungeon Crawl Stone Soup version 0.30-a0-883-g5ad918d77d (webtiles) character file.

Game seed: 11089258663564062899

1061 jasper the Insei (level 8, -1/61 HPs)
             Began as a Demonspawn Wanderer on Mar 17, 2023.
             Killed from afar by a steam dragon (18 damage)
             ... with a ball of steam
             ... on level 5 of the Dungeon.
             The game lasted 00:08:04 (3407 turns).

jasper the Insei (Demonspawn Wanderer)              Turns: 3407, Time: 00:08:04

Health: -1/61      AC: 14    Str: 16    XL:     8   Next: 6%
Magic:  8/8        EV: 13    Int: 16    God:
Gold:   305        SH:  0    Dex: 23    Spells: 5/7 levels left

rFire   x . .      SeeInvis .    q - +4 quarterstaff (chaos)
rCold   . . .      Faith    .    (shield currently unavailable)
rNeg    . . .      Spirit   .    c - +0 ring mail
rPois   .          Reflect  .    (helmet restricted)
rElec   .          Rampage  +    u - +0 cloak
rCorr   .                        j - +0 pair of gloves
Will    +....                    r - +2 pair of boots
Stlth   ++                       e - amulet "Wiosyusi" {Rampage rF- Regen+ Str+3 Int+5}
HPRegen 1.10/turn                i - +6 ring of dexterity
MPRegen 0.11/turn                v - ring of willpower

@: no status effects
A: horns 1, thin metallic scales 2, demonic guardian 2, powered by death 1
a: no special abilities


You were on level 5 of the Dungeon.
You visited 1 branch of the dungeon, and saw 5 of its levels.

You collected 413 gold pieces.
You spent 108 gold pieces at shops.

Inventory:

Hand Weapons
 a - a +3 quarterstaff
 b - a +0 spear
 q - a +4 quarterstaff of chaos (weapon)
Missiles
 g - a throwing net (quivered)
Armour
 c - a +0 ring mail (worn)
 j - a +0 pair of gloves (worn)
 o - a +0 pair of boots
 r - a +2 pair of boots (worn)
 u - a +0 cloak (worn)
Jewellery
 e - the amulet "Wiosyusi" (around neck) {Rampage rF- Regen+ Str+3 Int+5}
   (You acquired it on level 1 of the Dungeon)

   [amulet of regeneration]

   Str:       It affects your strength (+3).
   Int:       It affects your intelligence (+5).
   rF:        It makes you vulnerable to fire.
   Regen:     It increases your rate of health regeneration.
   Rampage:   It bestows one free step when moving towards enemies.
 i - a +6 ring of dexterity (left hand)
 p - a ring of protection from cold
 v - a ring of willpower (right hand)
Wands
 s - a wand of paralysis (12)
Scrolls
 d - 3 scrolls of silence
 f - a scroll of vulnerability
 m - a scroll of blinking {unknown}
 n - a scroll of teleportation
 w - a scroll of fog {unknown}
 x - a scroll of identify
 y - a scroll of brand weapon {unknown}
Potions
 h - a potion of resistance
 k - 2 potions of degeneration
 l - a potion of curing
 t - a potion of brilliance {unknown}


   Skills:
 + Level 4.6 Fighting
 - Level 1.0(2.0) Polearms
 - Level 2.6(2.8) Staves
 - Level 3.6 Armour
 + Level 3.8 Dodging
 - Level 1.5 Stealth
 * Level 5.9 Unarmed Combat


You had 5 spell levels left.
You knew the following spells:

 Your Spells              Type           Power      Damage    Failure   Level
a - Blink                 Tloc           0%         N/A       56%         2

Your spell library contained the following spells:

 Spells                   Type           Power      Damage    Failure   Level
 Apportation              Tloc           0%         N/A       41%         1
 Necrotise                Necr           0%         1d4       41%         1
 Summon Small Mammal      Summ           0%         N/A       41%         1
 Sublimation of Blood     Necr           0%         N/A       56%         2
 Wereblood                Tmut           0%         N/A       56%         2
 Manifold Assault         Tloc           0%         N/A       99%         4
 Storm Form               Tmut/Air       0%         N/A       100%        7
 Summon Hydra             Summ           0%         N/A       100%        7


Dungeon Overview and Level Annotations

Branches:
Dungeon (5/15)
 Temple: D:4-7

Altars:
Xom

Shops:
D:3 [

Annotations:
D:5 Grinder


Innate Abilities, Weirdness & Mutations

You have a pair of small horns on your head.
You are mostly covered in thin metallic scales. (AC +3)
A demonic guardian rushes to your aid.
You regenerate a little health from kills.


Message History

You resist with almost no effort.
You hit the steam dragon.
The steam dragon suddenly seems more resistant.
The steam dragon is heavily wounded.
The steam dragon breathes steam at you. The ball of steam hits you!!
The steam scalds you terribly! Grinder barely misses you.
You take 21 damage, and have 40/61 hp.
MASSIVE DAMAGE!!
You hit the steam dragon but do no damage.
The steam dragon easily resists.
You headbutt the steam dragon.
The steam dragon is heavily wounded.
You are engulfed in a cloud of scalding steam.
The steam dragon barely misses you. The steam dragon claws you.
Grinder hits you but does no damage.
You take 11 damage, and have 29/61 hp.
You hit the steam dragon. You headbutt the steam dragon.
The steam dragon is almost dead.
You are engulfed in a cloud of scalding steam.
The steam dragon bites you. The steam dragon closely misses you.
Grinder says, "Don't move a muscle."
Grinder hits you.
You writhe in agony.
Grinder hits you but does no damage. The steam dragon barely misses you.
The steam dragon claws you.
You take 9 damage, and have 20/61 hp.
You closely miss the steam dragon.
The steam dragon is almost dead.
The steam dragon closely misses you. The steam dragon claws you.
Grinder is engulfed in a cloud of scalding steam.
Grinder hits you.
* * * LOW HITPOINT WARNING * * *
You take 5 damage, and have 15/61 hp.
The steam dragon attacks as you move away!
The steam dragon bites you but does no damage.
The steam dragon barely misses you.
You barely miss the steam dragon.
The steam dragon is almost dead.
A scorpion comes into view.
The ice beast barely misses you. The steam dragon breathes steam at you.
The ball of steam hits you!! The steam scalds you terribly!
You die...

######### .#......#
.#......#
.)......######## +#
..)............# .#
...............# .# .
...............# .# ...
...............###.#...#
....####........@D5....#
.................Y.......
##..#########.####.).....
#..# ..... ..###.. #....
#....... ...s . ##.###
#....... ..... #.#
####+### ...#.# #.#
.###.# #.


You could see Grinder, a steam dragon (resistant, catching breath), an ice beast
and a scorpion (wandering).

Vanquished Creatures
  Eustachio (D:4)
  2 black bears (D:4)
  2 phantoms (D:4)
  A scorpion (D:5)
  A hound (D:4)
  Crazy Yiuf (D:4)
  2 orc priests
  2 sleepcaps
  An iguana (D:5)
  3 orc wizards
  5 adders
  A river rat (D:4)
  An ufetubus (D:3)
  4 worms
  3 dart slugs
  17 orcs
  3 bats
  3 endoplasms
  5 giant cockroaches
  6 goblins
  4 hobgoblins
  2 jackals (D:1)
  3 quokkas
  7 ball pythons
  3 frilled lizards
  6 kobolds
  5 rats
94 creatures vanquished.

Vanquished Creatures (collateral kills)
  An ogre (D:4)
1 creature vanquished.

Vanquished Creatures (others)
  6 fungi (D:2)
  4 toadstools (D:2)
10 creatures vanquished.

Grand Total: 105 creatures vanquished

Notes
Turn   | Place    | Note
-------+----------+-------------------------------------------
     0 | D:1      | jasper the Demonspawn Wanderer began the quest for the Orb.
     0 | D:1      | jasper set off with the following items: a +2 quarterstaff,
                  | a +0 spear, a +0 ring mail, a scroll of silence.
     0 | D:1      | Reached XP level 1. HP: 15/15 MP: 1/1
   217 | D:1      | Reached skill level 1 in Unarmed Combat
   217 | D:1      | Gained mutation: You are partially covered in thin metallic
                  | scales. (AC +2) [demonic ancestry]
   217 | D:1      | Reached XP level 2. HP: 14/21 MP: 2/2
   624 | D:1      | Identified a scroll of acquirement
   624 | D:1      | Acquired the amulet "Wiosyusi" {Rampage rF- Regen+ Str+3
                  | Int+5}
   907 | D:2      | Gained mutation: You have a pair of small horns on your
                  | head. [demonic ancestry]
   907 | D:2      | Reached XP level 3. HP: 25/26 MP: 3/3
   960 | D:2      | Found a shimmering altar of Xom.
  1050 | D:2      | Reached skill level 2 in Unarmed Combat
  1158 | D:2      | Found a faded altar of an unknown god.
  1407 | D:3      | Gained mutation: You regenerate a little health from kills.
                  | [demonic ancestry]
  1407 | D:3      | Reached XP level 4. HP: 33/33 MP: 4/4
  1450 | D:3      | Reached skill level 1 in Dodging
  1685 | D:3      | Learned a level 2 spell: Blink
  1687 | D:3      | Found Timib's Antique Armour Shop.
  1692 | D:3      | Bought a pair of boots for 108 gold pieces
  1888 | D:3      | Gained mutation: You are mostly covered in thin metallic
                  | scales. (AC +3) [demonic ancestry]
  1888 | D:3      | Reached XP level 5. HP: 28/39 MP: 5/5
  1937 | D:3      | Reached skill level 3 in Unarmed Combat
  2454 | D:4      | Noticed a black bear
  2454 | D:4      | Noticed a phantom
  2456 | D:4      | Noticed a phantom
  2467 | D:4      | Killed a phantom
  2468 | D:4      | Gained mutation: A weak demonic guardian rushes to your
                  | aid. [demonic ancestry]
  2468 | D:4      | Reached XP level 6. HP: 47/47 MP: 6/6
  2481 | D:4      | Reached skill level 4 in Unarmed Combat
  2555 | D:4      | Reached XP level 7. HP: 52/52 MP: 7/7
  2777 | D:4      | Found a runed translucent door.
  2778 | D:4      | Noticed Crazy Yiuf
  2786 | D:4      | Killed Crazy Yiuf
  2787 | D:4      | Reached skill level 5 in Unarmed Combat
  3075 | D:4      | Noticed Eustachio
  3087 | D:4      | Killed Eustachio
  3233 | D:5      | Entered Level 5 of the Dungeon
  3314 | D:5      | Gained mutation: A demonic guardian rushes to your aid.
                  | [demonic ancestry]
  3314 | D:5      | Reached XP level 8. HP: 61/61 MP: 8/8
  3389 | D:5      | Noticed Grinder
  3407 | D:5      | Killed from afar by a steam dragon

Illustrated notes

Levels and vault maps discovered:
D:1:      dpeg_arrival_more_subterranean_lakeside_camping, layout_rooms,
          st_stairs_8, patterned_corridor
D:2:      layout_rooms, basic_altar, shapermc_ecumenical_altar_ellora,
          minmay_gold_behind_fungi
D:3:      minmay_chambers_of_twos, layout_basic, serial_shops,
          nicolae_shop_hallway_plus
D:4:      layout_basic, portal_sewer_entry_b, minmay_bent, uniq_eustachio,
          uniq_crazy_yiuf_cottage
D:5:      cheibrodos_thug_alley, layout_basic, minmay_temple_entry_mist,
          uniq_pikel, uniq_ijyb, uniq_grinder, uniq_edmund

Skill      XL: |  1  2  3  4  5  6  7 |
---------------+----------------------+-----
Unarmed Combat | 1 2 3 4 5 |  5.9
Fighting       | 2 3 4 |  4.6
Dodging        | 1 2 3 |  3.8
Polearms       | |  1.0
Staves         | |  2.6
Armour         | |  3.6
Stealth        | |  1.5

Action                     |  1- 3 |  4- 6 |  7- 9 || total
---------------------------+-------+-------+-------++-------
  Melee: Quarterstaff      |   111 |   110 |    91 ||   312
         Headbutt          |     7 |    24 |    19 ||    50
  Evoke: Wand              |       |     1 |       ||     1
    Use: Scroll            |     5 |     6 |       ||    11
         Potion            |       |     2 |       ||     2
   Stab: Distracted        |     1 |     1 |       ||     2
         Sleeping          |     1 |     1 |       ||     2
 Armour: Ring mail         |    72 |    51 |    39 ||   162
  Dodge: Dodged            |    78 |    79 |    83 ||   240

Table legend: (Time is in decaauts)
 A = Elapsed time spent in this place.
 B = Non-inter-level travel time spent in this place.
 C = Inter-level travel time spent in this place.
 D = Time resting spent in this place.
 E = Time spent auto-exploring this place.
 F = Levels seen in this place.
 G = Mean time per level.
                   A        B        C        D        E       F      G
               +--------+--------+--------+--------+--------+-----+--------+
         Total |   3463 |   3243 |    220 |      2 |   2358 |   5 |  692.6 |
       Dungeon |   3463 |   3243 |    220 |      2 |   2358 |   5 |  692.6 |
               +--------+--------+--------+--------+--------+-----+--------+

Top non-repeatable levels by time:
     D:3: 1132 daAuts
     D:4: 850 daAuts
     D:1: 669 daAuts
     D:2: 630 daAuts
     D:5: 180 daAuts
